 Dungeon Crawl Stone Soup version 0.19-a0-1168-g98094fc (webtiles) character file.

32 seren the Ruffian (level 3, -11/28 HPs)
             Began as a Draconian Transmuter on Aug 15, 2016.
             Killed from afar by a kobold (28 damage)
             ... with an exploding inner flame
             ... hexed by the player character
             ... on level 2 of the Dungeon.
             The game lasted 00:03:43 (1267 turns).

seren the Ruffian (Draconian Transmuter)            Turns: 1267, Time: 00:03:45

Health: -11/28     AC:  5    Str: 13    XL:     3   Next: 8%
Magic:  6/6        EV: 12    Int: 13    God:
Gold:   68         SH:  0    Dex: 11    Spells: 1 memorised, 5 levels left

rFire  . . .     SeeInvis .     n - -3 hunting sling (curse)
rCold  . . .     Gourm    .     (armour unavailable)
rNeg   . . .     Faith    .     (no shield)
rPois  .         Spirit   .     (helmet restricted)
rElec  .         Dismiss  .     (no cloak)
rCorr  .         Reflect  .     (no gloves)
MR     .....     Harm     .     (no boots)
Stlth  +.........               (no amulet)
                                (no ring)
                                (no ring)

@: no status effects
A: unfitting armour, cold-blooded, AC +5
a: no special abilities


You were on level 2 of the Dungeon.
You were not hungry.

You visited 1 branch of the dungeon, and saw 2 of its levels.

You collected 68 gold pieces.

Inventory:

Hand Weapons
 l - a +0 club
 n - a cursed -3 hunting sling (weapon)
Missiles
 a - 12 arrows
 m - 43 stones (quivered)
 o - 12 sling bullets
Jewellery
 e - an uncursed ring of ice
Potions
 h - a potion of curing
 i - a potion of heal wounds {unknown}
 j - a potion of haste {unknown}
Books
 b - a book of Changes

   Spells                             Type                      Level
   a - Beastly Appendage              Transmutation                1
   b - Sticks to Snakes               Transmutation                2
   c - Spider Form                    Transmutation/Poison         3
   d - Ice Form                       Ice/Transmutation            4
   e - Blade Hands                    Transmutation                5
Comestibles
 c - 2 bread rations
 f - 3 fruits


   Skills:
 - Level 1.1 Fighting
 - Level 1.7 Dodging
 + Level 4.2 Unarmed Combat
 - Level 2.0 Spellcasting
 - Level 2.0 Transmutations


You had 5 spell levels left.
You knew the following spells:

 Your Spells              Type           Power        Failure   Level  Hunger
a - Beastly Appendage     Tmut           #.....       12%         1    ##.....


Dungeon Overview and Level Annotations

Branches:
Dungeon (2/15)

Altars:


Innate Abilities, Weirdness & Mutations

Your plain brown scales are hard. (AC +5)
Your body does not fit into most forms of armour.
You are cold-blooded and may be slowed by cold attacks.


Message History

As you read the scroll labeled ZAUSUI HAOLIRA, it crumbles to dust.
It is a scroll of identify.
h - a potion of curing The kobold barely misses you.
You clumsily bash the kobold but do no damage.
Your tail-slap misses the kobold.
The kobold hits you but does no damage. The kobold hits you with a club.
Firing (i - inventory. (,) - cycle):
m - 44 stones (quivered)
Press: ? - help, Shift-Dir - straight line, f/p - kobold
Aim: a kobold, wielding a club (inner flame)
You shoot a stone. The stone barely misses the kobold.
The kobold barely misses you.
Firing (i - inventory. (,) - cycle):
m - 43 stones (quivered)
Press: ? - help, Shift-Dir - straight line, f/p - kobold
Aim: a kobold, wielding a club (inner flame)
You shoot a stone. The stone hits the kobold.
The kobold explodes!
The fiery explosion engulfs you!
Ouch! That really hurt!
You die...

#.(#
#########.(#######
#.................
#.#######..#######
#^# #..# #.# #..#
#.# #.§# #.# #§§#
###.#######§@#
#..#.........#
#.#.########.#
#####.#.########>#
..>.....#........#
#####...#[########
#.....#
###..#..####
#..........##


There were no monsters in sight!

Vanquished Creatures
  A ball python (D:1)
  A giant cockroach (D:1)
  3 hobgoblins (D:1)
  3 jackals (D:1)
  4 bats (D:1)
  8 giant newts (D:1)
  6 goblins
  3 kobolds (D:1)
  3 rats
32 creatures vanquished.

Notes
Turn   | Place    | Note
-------+----------+-------------------------------------------
     0 | D:1      | seren the Draconian Transmuter began the quest for the Orb.
     0 | D:1      | Reached XP level 1. HP: 16/16 MP: 3/3
   323 | D:1      | Reached XP level 2. HP: 23/23 MP: 5/5
   776 | D:1      | Reached skill level 4 in Unarmed Combat
   880 | D:1      | Reached XP level 3. HP: 15/28 MP: 6/6
  1267 | D:2      | Killed from afar by a kobold

Vault maps used:
D:1:      lightli_arrival_boilingwater, minmay_newt_pond
D:2:      first_bread

Skill      XL: |  1  2 |
---------------+-------+-----
Unarmed Combat | 4 |  4.2
Fighting       | |  1.1
Dodging        | |  1.7
Spellcasting   | |  2.0
Transmutations | |  2.0

Action                   || total
-------------------------++-------
Melee: Unarmed           ||    84
       Tailslap          ||     7
       Hunting sling     ||    12
 Fire: Hunting sling     ||     6
Throw: Stone             ||     2
  Use: Scroll            ||     3
  Eat: Chunk             ||     1
Armor: Skin              ||    31
Dodge: Dodged            ||    75
